 Dungeon Crawl Stone Soup version 0.27-a0-1180-g7fc4abc71e (webtiles) character file.

Game seed: 1359336242285886172

48 DasRunzen the Slasher (level 3, 0/28 (29) HPs)
             Began as a Demigod Gladiator on May 17, 2021.
             Slain by a wight
             ... wielding a +3 dagger of freezing
              (1 damage)
             ... on level 1 of the Dungeon.
             The game lasted 00:02:49 (1187 turns).

DasRunzen the Slasher (Demigod Gladiator)           Turns: 1187, Time: 00:02:50

HP:   0/28 (29)     AC:  6    Str: 15    XL:     3   Next: 30%
MP:   5/5           EV: 12    Int: 20    God:
Gold: 60            SH:  0    Dex: 15    Spells: 2/2 levels left

rFire    . . .     SeeInvis .   a - +0 long sword
rCold    . . .     Faith    .   (no shield)
rNeg     . . .     Spirit   .   b - +0 leather armour
rPois    .         Reflect  .   c - +0 helmet
rElec    .         Harm     .   i - +0 cloak
rCorr    .         Rampage  .   (no gloves)
Will     .....                  f - +0 pair of boots
Stlth    +.........             (no amulet)
HPRegen  0.09/turn              j - +6 ring of intelligence
MPRegen  0.09/turn              (no ring)

@: lethally poisoned (0 -> -2), lightly drained
A: high mp 1, forlorn
a: no special abilities


You were on level 1 of the Dungeon.
You visited 1 branch of the dungeon, and saw 2 of its levels.

You collected 60 gold pieces.

Inventory:

Hand Weapons
 a - a +0 long sword (weapon)
Missiles
 d - 3 throwing nets (quivered)
Armour
 b - a +0 leather armour (worn)
 c - a +0 helmet (worn)
 f - a +0 pair of boots (worn)
 i - a +0 cloak (worn)
Jewellery
 j - a +6 ring of intelligence (left hand)
Potions
 h - a potion of curing
 k - a potion of flight
 m - a potion of berserk rage {unknown}


   Skills:
 + Level 2.1 Fighting
 + Level 3.3 Long Blades
 + Level 1.9 Throwing
 + Level 0.4 Armour
 + Level 3.1 Dodging
 + Level 0.1 Stealth


You had 2 spell levels left.
You didn't know any spells.
Your spell library contained the following spells:

 Spells                   Type           Power      Damage    Failure   Level
 Corona                   Hex            0%         N/A       24%         1
 Ensorcelled Hibernation  Hex/Ice        0%         N/A       34%         2
 Confusing Touch          Hex            0%         N/A       56%         3
 Dazzling Flash           Conj/Hex       0%         N/A       56%         3
 Tukima's Dance           Hex            0%         N/A       56%         3


Dungeon Overview and Level Annotations

Branches:
Dungeon (2/15)


Innate Abilities, Weirdness & Mutations

Your attributes grow dramatically as you level up.
You have an increased reservoir of magic. (+10% MP)
You shall have no god before yourself.


Message History

The adder bites you. The wight barely misses you. The wight closely misses you.
The adder bites you but does no damage. The adder barely misses you.
You riposte.
You barely miss the adder. The adder barely misses you.
The adder closely misses you.
There is a stone staircase leading up here.
The adder bites you but does no damage. The wight misses you.
The adder bites you.
You climb upwards.
There is a stone staircase leading down here.
You closely miss the adder. The wight closely misses you.
The adder bites you but does no damage.
You closely miss the adder. The adder bites you.
You are poisoned.
The adder poisons you! The wight closely misses you.
You riposte.
You hit the wight.
The wight is severely damaged.
The adder bites you but does no damage. The wight closely misses you.
You riposte.
You barely miss the wight.
The wight is severely damaged.
You barely miss the adder.
You feel sick. The adder bites you but does no damage.
The wight closely misses you.
Unknown command.
You barely miss the wight.
The wight is severely damaged.
You feel sick. The adder bites you but does no damage.
The wight hits you with a +3 dagger of freezing.
* * * LOW HITPOINT WARNING * * *
The wight freezes you.
* * * LOW HITPOINT WARNING * * *
The adder closely misses you.
You closely miss the wight.
The wight is severely damaged.
You feel sick. The adder closely misses you.
The wight hits you with a +3 dagger of freezing.
* * * LOW HITPOINT WARNING * * *
You feel drained.
* * * LOW HITPOINT WARNING * * *
The wight freezes you.
You die...

### ..# ..#
..##########
...........#
##########.#######
...............S@#
###......#.#####z#
###.##.#.#.# #.#
'.#.##.#.#.# #.#
#.#.##.#.#.#####.#
#)#.##.#.......).#
..#......#.#.#.#.#
.##.##.#.#.#.#.###
.........#.#.#.#.#


You could see a wight and an adder.

Vanquished Creatures
  A gnoll (D:1)
  An adder (D:1)
  A worm (D:2)
  A dart slug (D:1)
  3 endoplasms (D:1)
  A giant cockroach (D:1)
  2 goblins (D:1)
  2 hobgoblins (D:1)
  2 quokkas (D:1)
  2 ball pythons (D:1)
  2 bats (D:1)
  A frilled lizard (D:1)
  6 kobolds
  A rat (D:1)
26 creatures vanquished.

Notes
Turn   | Place    | Note
-------+----------+-------------------------------------------
     0 | D:1      | DasRunzen the Demigod Gladiator began the quest for the
                  | Orb.
     0 | D:1      | Reached XP level 1. HP: 17/17 MP: 3/3
   353 | D:1      | Reached XP level 2. HP: 24/24 MP: 4/4
   909 | D:1      | Reached XP level 3. HP: 29/29 MP: 5/5
  1071 | D:2      | Noticed an ogre
  1187 | D:1      | HP: 1/28 [wight/+3 dagger of freezing (1)]
  1187 | D:1      | Slain by a wight

Illustrated notes

Levels and vault maps discovered:
D:1:      dpeg_arrival_arbitrary_a, layout_basic,
          ebering_ecumenical_altar_ruins, minmay_small_reverse_x
D:2:      layout_rooms, minmay_stone_trees_medium, minmay_lizard_king,
          uniq_robin

Skill      XL: |  1  2 |
---------------+-------+-----
Fighting       | 2 |  2.1
Long Blades    | 3 |  3.3
Dodging        | 3 |  3.1
Throwing       | |  1.9
Armour         | |  0.4
Stealth        | |  0.1

Action                   || total
-------------------------++-------
Melee: Long sword        ||    70
  Use: Potion            ||     1
       Scroll            ||     3
 Stab: Sleeping          ||     1
Armor: Leather armour    ||    29
Dodge: Dodged            ||    67
       Rpst.: Long sword ||    19

Table legend: (Time is in decaauts)
 A = Elapsed time spent in this place.
 B = Non-inter-level travel time spent in this place.
 C = Inter-level travel time spent in this place.
 D = Time resting spent in this place.
 E = Time spent auto-exploring this place.
 F = Levels seen in this place.
 G = Mean time per level.
                   A        B        C        D        E       F      G
               +--------+--------+--------+--------+--------+-----+--------+
         Total |   1204 |   1183 |     21 |    230 |    707 |   2 |  602.0 |
       Dungeon |   1204 |   1183 |     21 |    230 |    707 |   2 |  602.0 |
               +--------+--------+--------+--------+--------+-----+--------+

Top non-repeatable levels by time:
     D:1: 1111 daAuts
     D:2: 92 daAuts
